 Dungeon Crawl Stone Soup version 0.29.1-15-g9cfb28693d (webtiles) character file.

Game seed: 1055165501269982588

502 nonceun the Cleaver (level 6, 0/51 HPs)
             Began as a Minotaur Berserker on Apr 1, 2023.
             Was a Priest of Trog.
             Succumbed to Duvessa's poison
             ... on level 4 of the Dungeon.
             The game lasted 00:08:28 (2451 turns).

nonceun the Cleaver (Minotaur Berserker)            Turns: 2451, Time: 00:08:28

Health: 0/51       AC: 26    Str: 23    XL:     6   Next: 95%
Magic:  5/5        EV: 12    Int:  4    God:    Trog [***...]
Gold:   200        SH:  0    Dex: 10    Spells: 5/5 levels left

rFire   . . .      SeeInvis .   a - +0 hand axe
rCold   . . .      Faith    .   (no shield)
rNeg    . . .      Spirit   .   k - +18 Lear's hauberk
rPois   .          Reflect  .   (helmet currently unavailable)
rElec   .          Harm     .   (no cloak)
rCorr   .          Rampage  .   (gloves currently unavailable)
Will    ++...                   (boots currently unavailable)
Stlth   ..........              (no amulet)
HPRegen 1.17/turn               e - +4 ring of evasion
MPRegen 0.09/turn               (no ring)

@: lethally poisoned (0 -> -28), strong-willed, regenerating
A: horns 2, retaliatory headbutt
a: Renounce Religion, Berserk, Trog's Hand


You were on level 4 of the Dungeon.
You worshipped Trog.
Trog was most pleased with you.
You visited 1 branch of the dungeon, and saw 4 of its levels.

You collected 200 gold pieces.

Inventory:

Hand Weapons
 a - a +0 hand axe (weapon)
Missiles
 j - 42 stones (quivered)
Armour
 k - the +18 Lear's hauberk (worn)
   (You found it on level 2 of the Dungeon)
Jewellery
 e - a +4 ring of evasion (left hand)
Scrolls
 c - 4 scrolls of identify {unknown}
 d - 2 scrolls of noise {unknown}
 g - a scroll of amnesia {unknown}
 h - 2 scrolls of fog {unknown}
 i - a scroll of torment {unknown}
 l - a scroll of vulnerability {unknown}
 m - 2 scrolls of enchant armour {unknown}
 p - a scroll of summoning {unknown}
 s - 2 scrolls of teleportation {unknown}
Potions
 b - 2 potions of resistance {unknown}
 f - a potion of cancellation {unknown}
 n - a potion of lignification {unknown}
 o - a potion of brilliance {unknown}
 q - a potion of magic {unknown}
 r - 2 potions of mutation {unknown}


   Skills:
 - Level 3.6 Fighting
 + Level 9.5 Axes
 - Level 2.4 Armour
 - Level 2.1 Dodging


You had 5 spell levels left.
You didn't know any spells.
Your spell library contained the following spells:

 Spells                   Type           Power      Damage    Failure   Level
 Ensorcelled Hibernation  Hex/Ice        0%         N/A       100%        2
 Passwall                 Tmut/Erth      0%         N/A       100%        2
 Swiftness                Air            0%         N/A       100%        3


Dungeon Overview and Level Annotations

Branches:
Dungeon (4/15)
 Temple: D:4-7

Altars:
Qazlal

Annotations:
D:4 Duvessa


Innate Abilities, Weirdness & Mutations

You have a pair of horns on your head.
You reflexively headbutt those who attack you in melee.


Message History

Duvessa is moderately wounded.
You feel sick. Duvessa hits you but does no damage.
You are more poisoned.
You hit Duvessa. You headbutt Duvessa.
Duvessa is heavily wounded.
You feel very sick. Duvessa hits you but does no damage.
You are more poisoned.
Duvessa hits you but does no damage.
You are more poisoned.
You hit Duvessa. Your headbutt misses Duvessa.
Duvessa is heavily wounded.
You feel very sick. Duvessa barely misses you. You furiously retaliate!
You headbutt Duvessa! You hit Duvessa but do no damage.
You punch Duvessa, but do no damage.
Duvessa is severely wounded.
You feel very sick.
Duvessa hits you with a +2 short sword of venom.
You are more poisoned.
You hit Duvessa. You headbutt Duvessa.
Duvessa is almost dead.
You feel very sick. Duvessa hits you but does no damage.
You hit Duvessa.
Duvessa is almost dead.
You feel very sick.
Duvessa hits you with a +2 short sword of venom.
You are more poisoned.
Duvessa hits you with a +2 short sword of venom.
* * * LOW HITPOINT WARNING * * *
You are more poisoned.
You hit Duvessa.
Duvessa is almost dead.
* * * LOW HITPOINT WARNING * * *
You feel very sick. Duvessa hits you but does no damage.
You are more poisoned.
You hit Duvessa but do no damage.
Duvessa is almost dead.
You die...

.....##.######.#.......
.............# #.#...####
.............# #.#.......
.............# #.#.......
#...........###.##......
................+......
###........###.##......
#........<##.##.....#
#...@e....##........#
#############)##.####......#
#...........))).............
#............)..............
............................
#...........................
........................)...
#...........................
.........e..................


You could see Duvessa (berserk).

Vanquished Creatures
  4 wights (D:4)
  Dowan (D:4)
  Jessica (D:2)
  An orc wizard (D:4)
  9 gnolls
  3 adders
  A worm (D:3)
  A dart slug (D:1)
  3 orcs (D:4)
  4 bats
  12 endoplasms
  3 giant cockroaches
  6 goblins
  4 hobgoblins
  8 jackals
  8 kobolds
  3 quokkas
  8 ball pythons
  6 frilled lizards
  4 rats
90 creatures vanquished.

Notes
Turn   | Place    | Note
-------+----------+-------------------------------------------
     0 | D:1      | nonceun the Minotaur Berserker began the quest for the Orb.
     0 | D:1      | Reached XP level 1. HP: 19/19 MP: 0/0
   118 | D:1      | Reached skill level 4 in Axes
   210 | D:1      | Reached XP level 2. HP: 26/26 MP: 1/1
   588 | D:1      | Found a faded altar of an unknown god.
   628 | D:1      | Reached skill level 5 in Axes
   840 | D:2      | Reached XP level 3. HP: 30/31 MP: 2/2
   840 | D:2      | Reached ** piety under Trog
   863 | D:2      | Found the +18 Lear's hauberk
  1055 | D:2      | Reached skill level 6 in Axes
  1055 | D:2      | Reached XP level 4. HP: 36/39 MP: 3/3
  1249 | D:2      | Noticed Jessica
  1260 | D:2      | Killed Jessica
  1261 | D:2      | Reached skill level 7 in Axes
  1261 | D:2      | Reached XP level 5. HP: 45/45 MP: 4/4
  1421 | D:3      | Found a stormy altar of Qazlal.
  1848 | D:3      | Reached *** piety under Trog
  2264 | D:4      | Reached skill level 8 in Axes
  2264 | D:4      | Reached XP level 6. HP: 51/51 MP: 5/5
  2273 | D:4      | Noticed Dowan
  2297 | D:4      | Killed Dowan
  2399 | D:4      | Reached skill level 9 in Axes
  2430 | D:4      | Noticed Duvessa
  2451 | D:4      | Succumbed to Duvessa's poison

Illustrated notes

Levels and vault maps discovered:
D:1:      dpeg_arrival_round_b, layout_rooms,
          ebering_ecumenical_altar_abandoned, serial_curves, eino_curves_01,
          eino_curves_01
D:2:      layout_basic, serial_corexii_hall, corexii_hall_statues_l,
          corexii_hall_statues_l, uniq_jessica
D:3:      layout_loops_ring, mainiacjoe_overflow_paths, minmay_misc_feat_roman,
          minmay_box_of_dots
D:4:      layout_basic, nicolae_overflow_hidden_temple, uniq_duvessa

Skill      XL: |  1  2  3  4  5  6 |
---------------+-------------------+-----
Axes           | 4 5 6 7 8 9 |  9.5
Fighting       | |  3.6
Armour         | |  2.4
Dodging        | |  2.1

Action                   |  1- 3 |  4- 6 || total
-------------------------+-------+-------++-------
Melee: Hand axe          |    81 |   123 ||   204
       Headbutt          |    11 |    17 ||    28
       Punch             |     2 |     1 ||     3
Invok: Trog's Hand       |       |     1 ||     1
 Stab: Sleeping          |     1 |       ||     1
Armor: Animal skin       |     8 |       ||     8
       Leather armour    |     3 |       ||     3
       Chain mail        |    12 |    48 ||    60
Dodge: Dodged            |    47 |    69 ||   116
